 Dungeon Crawl Stone Soup version 0.21.1-1-g345015fe64 (webtiles) character file.

93 Osmon the Sneak (level 4, -1/33 HPs)
             Began as a Vampire Assassin on July 11, 2018.
             Was an Initiate of Yredelemnul.
             Slain by an orc
             ... wielding a +0 trident of venom
              (6 damage)
             ... on level 3 of the Dungeon.
             The game lasted 00:21:45 (1675 turns).

Osmon the Sneak (Vampire Assassin)                  Turns: 1675, Time: 00:21:45

Health: -1/33      AC:  4    Str: 11    XL:     4   Next: 37%
Magic:  4/4        EV: 13    Int: 13    God:    Yredelemnul [......]
Gold:   157        SH:  0    Dex: 15    Spells: 3/3 levels left

rFire    . . .     SeeInvis +   a - +4 dagger
rCold    . . .     Gourm    .   (no shield)
rNeg     + . .     Faith    .   c - +0 robe
rPois    .         Spirit   .   (no helmet)
rElec    .         Reflect  .   d - +0 cloak
rCorr    .         Harm     .   r - +0 pair of gloves
MR       .....                  (no boots)
Stlth    +++.......             (no amulet)
HPRegen  0.11/turn              m - ring of loudness (curse)
MPRegen  0.09/turn              (no ring)

@: lethally poisoned (-1 -> -6)
A: fangs 3, see invisible, unbreathing
a: Bat Form, Renounce Religion


You were on level 3 of the Dungeon.
You worshipped Yredelemnul.
Yredelemnul was noncommittal.
You were not thirsty.

You visited 1 branch of the dungeon, and saw 3 of its levels.

You collected 157 gold pieces.

Inventory:

Hand Weapons
 a - a +4 dagger (weapon)
 b - a +0 blowgun
 p - a +2 dagger of venom
Missiles
 l - 3 javelins (quivered)
Armour
 c - a +0 robe (worn)
 d - a +0 cloak (worn)
 o - a +0 cloak
 r - a +0 pair of gloves (worn)
Jewellery
 m - a cursed ring of loudness (left hand)
Wands
 s - a wand of iceblast (7)
Scrolls
 h - 2 scrolls of fog
 i - a scroll of blinking
 j - a scroll of remove curse {unknown}
 k - a scroll of immolation {unknown}
Potions
 g - 10 potions of blood
 n - a potion of berserk rage {unknown}
 q - a potion of curing {unknown}


   Skills:
 - Level 1.7 Fighting
 + Level 2.9 Short Blades
 + Level 2.1 Throwing
 * Level 2.6 Dodging
 + Level 7.1 Stealth


You had 3 spell levels left.
You didn't know any spells.

Dungeon Overview and Level Annotations

Branches:
Dungeon (3/15)

Altars:
Yredelemnul

Annotations:
D:3 Grinder


Innate Abilities, Weirdness & Mutations

You have razor-sharp teeth.
You have supernaturally acute eyesight. (SInv)
You can survive without breathing.


Message History

Grinder hits you!
* * * LOW HITPOINT WARNING * * *
The orc hits you but does no damage.
You are lethally poisoned!
Yummy - fresh blood!
* * * LOW HITPOINT WARNING * * *
You feel sick. Grinder misses you. The orc closely misses you.
You hit Grinder.
Grinder is moderately wounded.
* * * LOW HITPOINT WARNING * * *
You feel sick. Grinder gestures at you. You resist with significant effort.
Throwing (i - inventory):
l - 4 javelins (quivered)
Press: ? - help, Shift-Dir - straight line, f - Grinder
Aim: Grinder (moderately wounded)
You throw a javelin. The javelin barely misses Grinder.
The orc hits you from afar with a trident of venom.
You die...
Yredelemnul claims you as an undead slave.

## .... .### #.
.... .......
..... ..... .##
.....
.......(.......
.#
....r.#.#......
........o....>...
#. #5# #.. #@#
###...####.#
.........†<#
..##..###### .J..
#.## #


You could see Grinder and an orc.

Vanquished Creatures
  A worker ant (D:2)
  An adder (D:2)
  2 oozes
  3 dart slugs (D:1)
  2 leopard geckos (D:2)
  An orc (D:3)
  8 bats
  A giant cockroach (D:3)
  2 goblins (D:2)
  10 hobgoblins
  3 kobolds
  4 frilled lizards
  7 rats
45 creatures vanquished.

Notes
Turn   | Place    | Note
-------+----------+-------------------------------------------
     0 | D:1      | Osmon the Vampire Assassin began the quest for the Orb.
     0 | D:1      | Reached XP level 1. HP: 16/16 MP: 1/1
    55 | D:1      | Reached skill level 6 in Stealth
   234 | D:1      | Reached XP level 2. HP: 22/22 MP: 2/2
   688 | D:1      | Reached XP level 3. HP: 27/27 MP: 3/3
  1075 | D:2      | Reached skill level 7 in Stealth
  1087 | D:2      | Found a basalt altar of Yredelemnul.
  1103 | D:2      | Reached XP level 4. HP: 30/33 MP: 4/4
  1157 | D:2      | Became a worshipper of Yredelemnul the Dark
  1644 | D:3      | Noticed Grinder
  1675 | D:3      | Slain by an orc

Skill      XL: |  1  2  3 |
---------------+----------+-----
Stealth        | 6 7 |  7.1
Throwing       | 2 |  2.1
Dodging        | 2 |  2.6
Fighting       | |  1.7
Short Blades   | |  2.9

Action                   |  1- 3 |  4- 6 || total
-------------------------+-------+-------++-------
Melee: Dagger            |    15 |    32 ||    47
       Bite              |     1 |     2 ||     3
 Fire: Blowgun           |    36 |    12 ||    48
Throw: Javelin           |    20 |    13 ||    33
       Throwing net      |     1 |       ||     1
  Use: Scroll            |     2 |     2 ||     4
       Potion            |       |     2 ||     2
Armor: Robe              |    12 |     7 ||    19
Dodge: Dodged            |    28 |    26 ||    54
